 Dungeon Crawl Stone Soup version 0.17-a0-1481-gfdcec5c (webtiles) character file.

59 Fluffy the Skirmisher (level 3, -1/29 HPs)
             Began as a Demonspawn Abyssal Knight on July 4, 2015.
             Was a Believer of Lugonu.
             Succumbed to an orc priest's poison
             ... on level 3 of the Dungeon.
             The game lasted 00:03:33 (1795 turns).

Fluffy the Skirmisher (Demonspawn Abyssal Knight)   Turns: 1795, Time: 00:03:34

Health: -1/29      AC:  8    Str: 10 (13) XL:     3   Next: 78%
Magic:  5/5        EV: 10    Int: 13      God:    Lugonu [**....]
Gold:   108        SH:  0    Dex: 12      Spells: 0 memorised, 2 levels left

rFire  + . .     SeeInvis .     a - +1 hand axe
rCold  x . .     Clarity  .     f - +0 ring mail
rNeg   . . .     SustAt   .     (no shield)
rPois  .         Gourm    .     (no helmet)
rElec  .         Spirit   .     (no cloak)
rCorr  .         Warding  .     d - +2 pair of gloves
rMut   .         Stasis   .     (no boots)
MR     .....                    (no amulet)
Stlth  ++........               n - ring of fire
                                m - ring of stealth

@: lethally poisoned (-1 -> -32), not resistant to hostile enchantments,
unstealthy
A: talons 1, powered by pain 1
a: Depart the Abyss, Bend Space, Renounce Religion


You were on level 3 of the Dungeon.
You worshipped Lugonu.
Lugonu was pleased with you.
You were not hungry.

You visited 1 branch of the dungeon, and saw 3 of its levels.
You visited the Abyss 1 time.

You collected 108 gold pieces.

Inventory:

Hand weapons
 a - a +1 hand axe (weapon)
Armour
 d - a +2 pair of gloves (worn)
 f - a +0 ring mail (worn)
Jewellery
 m - a ring of stealth (left hand)
 n - a ring of fire (right hand)
Scrolls
 e - a scroll of random uselessness {unknown}
 h - a scroll of teleportation {unknown}
 i - 2 scrolls of amnesia {unknown}
 k - a scroll of identify {unknown}
 l - 2 scrolls of noise {unknown}
Comestibles
 c - 2 bread rations
 j - a beef jerky


   Skills:
 + Level 3.5 Fighting
 + Level 2.1 Axes
 + Level 2.0 Armour
 + Level 1.6 Dodging
 + Level 3.5 Invocations


You had 2 spell levels left.
You didn't know any spells.

Dungeon Overview and Level Annotations

Branches:
Dungeon (3/15)

Altars:
Sif Muna
Xom


Innate Abilities, Weirdness & Mutations

You have sharp toenails.
You sometimes gain a little power by taking damage.


Message History

You feel very sick.
The orc priest hits you but does no damage.
You are more poisoned.
You hit the orc priest. Your kick misses the orc priest.
The orc priest is heavily wounded.
* * * LOW HITPOINT WARNING * * *
You feel very sick. The orc priest closely misses you.
The orc priest barely misses you.
Unknown command.
Drink which item? (? for menu, Esc to quit)
It was a potion of degeneration.
There was something very wrong with that liquid.
You feel weakened.
* * * LOW HITPOINT WARNING * * *
You feel sick.
The orc priest hits you but does no damage.
Your ring mail prevents you from hitting the orc priest.
Your kick misses the orc priest.
The orc priest is heavily wounded.
You die...

##.###..# #>#
#.###..##############.#
#...........#...†.....#
#.##.#.####..###.######
#.#......>...# #.#
#......####..###.#
######## #(#...##
#(##### ##@## #. #)o)#
#.# #.).##########.####
#.........##......<
#....####.##[#.##.#
...........#.##.#.##.#
..........).#.#.#.....
#...........#.##.#..#.#
#####....####.##.#..#.#


You could see an orc priest.

Vanquished Creatures
  3 worms
  A giant gecko (D:2)
  4 orcs (D:3)
  8 bats
  10 goblins
  3 hobgoblins
  9 kobolds
  A quokka (D:2)
  A giant newt (D:1)
  5 rats
45 creatures vanquished.

Notes
Turn   | Place    | Note
--------------------------------------------------------------
     0 | Abyss:1  | Fluffy the Demonspawn Abyssal Knight began the quest for the Orb.
     0 | Abyss:1  | Reached XP level 1. HP: 18/18 MP: 2/2
     0 | Abyss:1  | Found a corrupted altar of Lugonu.
   114 | Abyss:1  | Noticed a hell hound
   117 | Abyss:1  | Noticed a great orb of eyes
   117 | D:1      | Escaped the Abyss
   195 | D:1      | Reached skill level 1 in Dodging
   197 | D:1      | Acquired Lugonu's first power
   378 | D:1      | Gained mutation: You have sharp toenails. [demonic ancestry]
   378 | D:1      | Reached XP level 2. HP: 22/24 MP: 4/4
   426 | D:1      | Found a shimmering altar of Xom.
  1003 | D:2      | Gained mutation: You sometimes gain a little power by taking damage. [demonic ancestry]
  1003 | D:2      | Reached XP level 3. HP: 21/29 MP: 5/5
  1314 | D:3      | Found a deep blue altar of Sif Muna.
  1335 | D:3      | Acquired Lugonu's second power
  1795 | D:3      | Succumbed to an orc priest's poison

Vault maps used:
D:1:      dpeg_arrival_subterranean_lakeside_camping,
          hangedman_decor_clover_reticule, hangedman_glass_teeth,
          xom_teletrap_fun
D:2:      minmay_fountain_box, serial_bayou_lagoon_a
D:3:      grunt_temple_overflow_cloverleaf, ecumenical_altar_2, led_sif_pool

Action                   || total
-------------------------++-------
Melee: Hand axe          ||   132
Invok: Depart the Abyss  ||     1
  Use: Potion            ||     2
  Eat: Chunk             ||     3
